 Dungeon Crawl Stone Soup version 0.31-a0-66-ge618eeaa78 (webtiles) character file.

Game seed: 5667818757523554452

506 Dirtsage the Chopper (level 6, -1/47 HPs)
             Began as a Demonspawn Berserker on May 22, 2023.
             Was a Believer of Trog.
             Succumbed to an orc wizard's poison
             ... on level 4 of the Dungeon.
             The game lasted 00:06:56 (3212 turns).

Dirtsage the Chopper (Demonspawn Berserker)         Turns: 3212, Time: 00:06:57

Health: -1/47      AC: 11    Str: 16 (19) XL:     6   Next: 97%
Magic:  6/6        EV: 12    Int:  7 (8)  God:    Trog [**....]
Gold:   118        SH:  0    Dex: 12 (13) Spells: 5/5 levels left

rFire   . . .        a - +0 hand axe
rCold   . . .        (no shield)
rNeg    . . .        c - +2 scale mail {Will+}
rPois   .            (helmet restricted)
rElec   .            e - +1 cloak
rCorr   .            (no gloves)
SInv    .            b - +0 pair of boots
Will    +....        (no amulet) Stlth
                     (no ring)
HPRegen 0.27/turn    (no ring)
MPRegen 0.10/turn

%: no passive effects
@: lethally poisoned (-1 -> -10), on berserk cooldown, slowed, very slow
A: antennae 1, repulsion field 2, ignite blood 1
a: Renounce Religion, Berserk, Trog's Hand


You were on level 4 of the Dungeon.
You worshipped Trog.
Trog was pleased with you.
You visited 1 branch of the dungeon, and saw 4 of its levels.

You collected 118 gold pieces.

Inventory:

Hand Weapons
 a - a +0 hand axe (weapon)
Armour
 b - a +0 pair of boots (worn)
 c - a +2 scale mail of willpower (worn)
 e - a +1 cloak (worn)
 p - a +2 helmet
Scrolls
 d - a scroll of vulnerability {unknown}
 f - a scroll of blinking {unknown}
 g - a scroll of fear
 h - a scroll of teleportation {unknown}
 i - 5 scrolls of identify
 j - a scroll of fog {unknown}
 k - a scroll of enchant weapon {unknown}
 l - a scroll of magic mapping {unknown}
 m - a scroll of amnesia {unknown}
 n - a scroll of immolation {unknown}
Potions
 o - a potion of cancellation {unknown}
 r - a potion of magic {unknown}


   Skills:
 - Level 3.0 Fighting
 + Level 7.3 Axes
 - Level 1.7 Armour
 - Level 1.7 Dodging


You had 5 spell levels left.
You didn't know any spells.
Your spell library contained the following spells:

 Spells                   Type           Power      Damage    Failure   Level
 Freeze                   Ice            0%         1d3       86%         1
 Frozen Ramparts          Ice            0%         1d1       99%         3
 Hailstorm                Conj/Ice       0%         3d3       99%         3
 Alistair's Intoxication  Tmut/Pois      0%         N/A       100%        5
 Borgnjor's Vile Clutch   Necr/Erth      0%         N/A       100%        5
 Eringya's Noxious Bog    Tmut/Pois      0%         N/A       100%        6


Dungeon Overview and Level Annotations

Branches:
Dungeon (4/15)
 Temple: D:4-7

Altars:
Cheibriados


Innate Abilities, Weirdness & Mutations

You have a pair of small antennae on your head.
You are surrounded by a moderate repulsion field. (EV +3)
Your demonic aura sometimes causes spilled blood to erupt in flames.


Message History

You miss something.
You feel very sick. Something hits you but does no damage.
You are lethally poisoned!
You take 3 damage, and have 26/70 hp.
You slash something! Trog accepts your kill.
Trog appreciates your killing of a magic user.
Reactivating autopickup.
You feel a bit more experienced.
You feel very sick.
You take 4 damage, and have 22/70 hp.
* * * LOW HITPOINT WARNING * * *
You feel very sick.
Things that are here:
a +2 dagger of venom; a +0 robe You take 3 damage, and have 19/70 hp.
You feel a strong urge to attack something.
* * * LOW HITPOINT WARNING * * *
You feel very sick.
There is an escape hatch in the floor here.
You take 4 damage, and have 15/70 hp.
You are too berserk!
There is a lethal amount of poison in your body!
* * * LOW HITPOINT WARNING * * *
You feel very sick.
You take 3 damage, and have 12/70 hp.
You feel your anger nearly subside.
You are no longer berserk.
You are exhausted.
You feel yourself slow down.
* * * LOW HITPOINT WARNING * * *
You feel sick.
You now have 6/47 hp.
* * * LOW HITPOINT WARNING * * *
You feel very sick.
You take 4 damage, and have 2/47 hp.
It was a potion of degeneration.
There was something very wrong with that liquid.
You feel weakened.
You feel dopey.
You feel clumsy.
You die...

##### .... ### # ... ..#
#.# #.###.# #.#..#.)##.#
### #.....)@#.#####.##
....#.)..........#
.......###.##....########
##.#.## #.#.............
# #.##...######...
..###.## #.## ### #.# #.#
#.# #.# #+# #.##


There were no monsters in sight!

Vanquished Creatures
  Grinder (D:3)
  Edmund (D:4)
  Crazy Yiuf (D:3)
  Terence (D:3)
  An orc wizard (D:4)
  Robin (D:3)
  2 adders
  2 worms (D:2)
  8 orcs
  4 ball pythons (D:2)
  3 bats
  7 endoplasms
  A giant cockroach (D:3)
  11 goblins
  10 hobgoblins
  3 quokkas
  3 frilled lizards
  7 kobolds
  2 rats
69 creatures vanquished.

Notes
Turn   | Place    | Note
-------+----------+-------------------------------------------
     0 | D:1      | Dirtsage the Demonspawn Berserker began the quest for the
                  | Orb.
     0 | D:1      | Reached XP level 1. HP: 18/18 MP: 1/1
   191 | D:1      | Reached skill level 3 in Axes
   312 | D:1      | Gained mutation: Your demonic aura sometimes causes spilled
                  | blood to erupt in flames. [demonic ancestry]
   312 | D:1      | Reached XP level 2. HP: 24/24 MP: 2/2
   811 | D:2      | Found a snail-covered altar of Cheibriados.
  1258 | D:2      | Reached XP level 3. HP: 29/29 MP: 3/3
  1275 | D:2      | Reached skill level 4 in Axes
  1303 | D:2      | Reached ** piety under Trog
  1719 | D:3      | Noticed Grinder
  1721 | D:3      | Paralysed by Grinder for 4 turns
  1740 | D:3      | Paralysed by Grinder for 5 turns
  1777 | D:4      | Noticed Edmund
  1863 | D:3      | Noticed Terence
  1869 | D:3      | Killed Terence
  1870 | D:3      | Gained mutation: You are surrounded by a mild repulsion
                  | field. (EV +2) [demonic ancestry]
  1870 | D:3      | Reached XP level 4. HP: 35/35 MP: 4/4
  2232 | D:3      | Noticed Robin
  2239 | D:3      | Reached skill level 5 in Axes
  2248 | D:3      | Killed Robin
  2464 | D:3      | Found a runed translucent door.
  2465 | D:3      | Noticed Crazy Yiuf
  2471 | D:3      | Killed Crazy Yiuf
  2472 | D:3      | Gained mutation: You are surrounded by a moderate repulsion
                  | field. (EV +3) [demonic ancestry]
  2472 | D:3      | Reached XP level 5. HP: 41/41 MP: 5/5
  2839 | D:3      | Paralysed by Grinder for 4 turns
  2849 | D:3      | Killed Grinder
  2850 | D:3      | Reached skill level 6 in Axes
  2850 | D:3      | Gained mutation: You have a pair of small antennae on your
                  | head. [demonic ancestry]
  2850 | D:3      | Reached XP level 6. HP: 20/47 MP: 6/6
  2993 | D:4      | Killed Edmund
  2994 | D:4      | Reached skill level 7 in Axes
  3211 | D:4      | HP: 2/47 [poisoned by an orc wizard]
  3212 | D:4      | Succumbed to an orc wizard's poison

Illustrated notes

Levels and vault maps discovered:
D:1:      dpeg_arrival_pits, layout_loops_ring
D:2:      layout_loops_ring, basic_altar, fountainhead, minmay_guardbox
D:3:      layout_basic, uniq_grinder, uniq_terence, uniq_crazy_yiuf_cottage,
          uniq_robin
D:4:      layout_loops_corners, amcnicky_altar_gilded,
          nicolae_qazlal_beasts_of_the_sky, okawaru_trees_2, uniq_blork_the_orc,
          uniq_edmund

Skill      XL: |  1  2  3  4  5  6 |
---------------+-------------------+-----
Axes           | 3 4 5 6 7 |  7.3
Fighting       | |  3.0
Armour         | |  1.7
Dodging        | |  1.7

Action                     |  1- 3 |  4- 6 || total
---------------------------+-------+-------++-------
  Melee: Hand axe          |   151 |   110 ||   261
         Punch             |     1 |       ||     1
 Invoke: Berserk           |     3 |     5 ||     8
    Use: Potion            |     2 |     1 ||     3
         Scroll            |     2 |       ||     2
 Armour: Ring mail         |    38 |       ||    38
         Animal skin       |     2 |       ||     2
         Skin              |    13 |       ||    13
         Chain mail        |     4 |       ||     4
         Scale mail        |       |    42 ||    42
  Dodge: Dodged            |    74 |    47 ||   121

Table legend: (Time is in decaauts)
 A = Elapsed time spent in this place.
 B = Non-inter-level travel time spent in this place.
 C = Inter-level travel time spent in this place.
 D = Time resting spent in this place.
 E = Time spent auto-exploring this place.
 F = Levels seen in this place.
 G = Mean time per level.
                   A        B        C        D        E       F      G
               +--------+--------+--------+--------+--------+-----+--------+
         Total |   3306 |   3226 |     80 |    245 |   2309 |   4 |  826.5 |
       Dungeon |   3306 |   3226 |     80 |    245 |   2309 |   4 |  826.5 |
               +--------+--------+--------+--------+--------+-----+--------+

Top non-repeatable levels by time:
     D:3: 1466 daAuts
     D:2: 838 daAuts
     D:1: 764 daAuts
     D:4: 236 daAuts
